 Dungeon Crawl Stone Soup version 0.31-a0-355-g57cb03d3e8 (webtiles) character file.

Game seed: 4056230177244920109

174 LeprechaunX the Ruffian (level 5, -2/35 HPs)
             Began as an Octopode Shapeshifter on July 24, 2023.
             Blown up by Ijyb (16 damage)
             ... with a mindburst bolt
             ... on level 3 of the Dungeon.
             The game lasted 00:02:08 (1747 turns).

LeprechaunX the Ruffian (Octopode Shapeshifter)     Turns: 1747, Time: 00:02:08

Health: -2/35      AC:  8    Str: 17    XL:     5   Next: 54%
Magic:  5/5        EV: 14    Int: 10    God:
Gold:   93         SH:  0    Dex: 15    Spells: 4/4 levels left

rFire   . . .        i - +6 dagger of Meprac {protect, rN+ Will- Dex+3}
rCold   . . .        (no shield)
rNeg    + . .        (helmet currently unavailable)
rPois   .            (no amulet)
rElec   .            (no ring)
rCorr   .            (no ring)
SInv    .            (no ring)
Will    .....        (no ring)
Stlth   ++           (no ring)
HPRegen 0.25/turn    (no ring)
MPRegen 0.09/turn    (no ring)
                     (no ring)

%: no passive effects
@: beast-form, under a protective aura
A: beast (slay +2), almost no armour, amphibious, 8 rings, camouflage 1,
gelatinous body 1, (nimble swimmer 1), tentacles
a: Begin Untransformation


You were on level 3 of the Dungeon.
You were a hulking beast.
You visited 1 branch of the dungeon, and saw 3 of its levels.

You collected 93 gold pieces.

Inventory:

Hand Weapons
 i - the +6 dagger of Meprac (weapon) {protect, rN+ Will- Dex+3}
   (You found it on level 2 of the Dungeon)

   Dex:       It affects your dexterity (+3).
   rN:        It protects you from negative energy.
   Will:      It decreases your willpower.
Missiles
 f - a throwing net
 l - 3 boomerangs (quivered)
Talismans
 b - a beast talisman
Scrolls
 c - a scroll of teleportation {unknown}
 d - 3 scrolls of identify {unknown}
 e - a scroll of vulnerability {unknown}
 g - a scroll of revelation {unknown}
 h - a scroll of enchant weapon {unknown}
 j - a scroll of enchant armour {unknown}
Potions
 a - a potion of lignification
 k - a potion of mutation {unknown}


   Skills:
 + Level 2.4 Fighting
 + Level 3.0 Dodging
 * Level 4.4 Unarmed Combat
 + Level 3.5 Shapeshifting


You had 4 spell levels left.
You didn't know any spells.
Your spell library was empty.

Dungeon Overview and Level Annotations

Branches:
Dungeon (3/15)

Altars:
Cheibriados

Shops:
D:2 (

Annotations:
D:2 1 runed translucent door, Crazy Yiuf
D:3 Ijyb


Innate Abilities, Weirdness & Mutations

You are a hulking beast.
Your limbs bulge with bestial killing power. (Slay +2)
You cannot wear most types of armour.
You are amphibious.
You can wear up to eight rings at the same time.
Your skin changes colour to match your surroundings (Stealth+).
Your rubbery body absorbs attacks. (AC +1, EV +1)
((You are camouflaged when in or above water. (Stealth+)))
You have tentacles for arms and can constrict up to eight enemies at once.


Message History

You constrict Robin.
You kill Robin!
Unknown command.
You closely miss the hobgoblin. Your grab misses the hobgoblin.
You squeeze the hobgoblin.
You kill the hobgoblin!
The hobgoblin closely misses you.
Ijyb zaps a wand.
Your mind is blasted!
You see here a hobgoblin corpse.
Unknown command.
Ijyb hits you but does no damage.
You closely miss Ijyb. You grab Ijyb. You squeeze Ijyb!
Ijyb is heavily wounded.
You constrict Ijyb, but do no damage.
The hobgoblin no longer looks unusually strong.
Ijyb barely misses you.
You hit Ijyb.
Your weapon exudes an aura of protection.
Ijyb is almost dead.
You constrict Ijyb. The hobgoblin barely misses you.
Ijyb zaps a wand.
Your mind is blasted!
You release your grip on Ijyb.
You closely miss the goblin. You grab the goblin. You constrict the goblin.
The goblin closely misses you.
You barely miss the goblin.
The goblin is heavily wounded.
You constrict the goblin.
You kill the goblin!
You hit the hobgoblin.
Your weapon exudes an aura of protection.
Your grab misses the hobgoblin.
The hobgoblin is moderately wounded.
Ijyb no longer looks unusually strong.
The hobgoblin hits you but does no damage.
You hit the hobgoblin. You grab the hobgoblin.
The hobgoblin is almost dead.
You constrict the hobgoblin.
You kill the hobgoblin!
Ijyb zaps a wand.
Your mind is blasted!
You die...

#.# #.# #.# #
#.######.# #.# #
#>#......# #.# #
#.#.###### #.# #
#...# #.# ###.#
#.# #.# #.#
#.########.#
#h#........#
######)#.########
#.....g†....#
#.####.#.##.#
#.#)# # #....)#
#.#...# .......
#.......


You could see Ijyb.

Vanquished Creatures
  Natasha (thrice) (D:2)
  Robin (D:3)
  3 adders
  2 worms (D:2)
  A dart slug (D:1)
  An endoplasm (D:2)
  A giant cockroach (D:3)
  6 goblins
  8 hobgoblins
  4 jackals
  6 quokkas
  6 ball pythons
  4 bats
  2 frilled lizards
  2 kobolds
  6 rats
56 creatures vanquished.

Notes
Turn   | Place    | Note
-------+----------+-------------------------------------------
     0 | D:1      | LeprechaunX the Octopode Shapeshifter began the quest for
                  | the Orb.
     0 | D:1      | Reached XP level 1. HP: 13/13 MP: 1/1
    78 | D:1      | Reached XP level 2. HP: 18/18 MP: 2/2
   183 | D:1      | You fall into a shaft and drop 1 floor!
   228 | D:2      | Found a runed translucent door.
   229 | D:2      | Noticed Crazy Yiuf
   440 | D:2      | Reached XP level 3. HP: 23/23 MP: 3/3
   986 | D:2      | Noticed Natasha
   989 | D:2      | Found a snail-covered altar of Cheibriados.
  1002 | D:2      | Identified the +6 dagger of Meprac {protect, rN+ Will-
                  | Dex+3}
  1022 | D:2      | Killed Natasha
  1023 | D:2      | Reached XP level 4. HP: 27/29 MP: 4/4
  1090 | D:2      | Noticed Natasha
  1096 | D:2      | Killed Natasha
  1097 | D:2      | Reached skill level 4 in Unarmed Combat
  1098 | D:2      | Found Takuasch's Weapon Shoppe.
  1116 | D:2      | Noticed Natasha
  1128 | D:2      | Killed Natasha
  1129 | D:2      | Reached XP level 5. HP: 31/34 MP: 5/5
  1726 | D:3      | Noticed Ijyb
  1727 | D:3      | Noticed Robin
  1737 | D:3      | Killed Robin
  1747 | D:3      | Blown up by Ijyb

Illustrated notes

Levels and vault maps discovered:
D:1:      minmay_arrival_jagged, layout_loops_ring
D:2:      layout_basic, serial_shops, nicolae_shop_tiny_waterfront, basic_altar,
          minmay_small_reverse_x, uniq_crazy_yiuf_cottage, uniq_natasha
D:3:      layout_loops_ring, mainiacjoe_overflow_boulevard,
          mainiacjoe_overflow_six_doors_small, slow_altar_2, grunt_ministairs_7,
          nicolae_goblin_pals

Skill      XL: |  1  2  3  4  5 |
---------------+----------------+-----
Fighting       | 2 |  2.4
Unarmed Combat | 4 |  4.4
Dodging        | 3 |  3.0
Shapeshifting  | |  3.5

Action                     |  1- 3 |  4- 6 || total
---------------------------+-------+-------++-------
  Melee: Unarmed           |    60 |       ||    60
         Constrict         |    18 |    11 ||    29
         Tentacles         |    11 |     5 ||    16
         Dagger            |       |    34 ||    34
   Stab: Sleeping          |     4 |     3 ||     7
 Armour: Skin              |     3 |     7 ||    10
  Dodge: Dodged            |    33 |    17 ||    50

Table legend: (Time is in decaauts)
 A = Elapsed time spent in this place.
 B = Non-inter-level travel time spent in this place.
 C = Inter-level travel time spent in this place.
 D = Time resting spent in this place.
 E = Time spent auto-exploring this place.
 F = Levels seen in this place.
 G = Mean time per level.
                   A        B        C        D        E       F      G
               +--------+--------+--------+--------+--------+-----+--------+
         Total |   1750 |   1673 |     77 |      0 |   1364 |   3 |  583.3 |
       Dungeon |   1750 |   1673 |     77 |      0 |   1364 |   3 |  583.3 |
               +--------+--------+--------+--------+--------+-----+--------+

Top non-repeatable levels by time:
     D:2: 935 daAuts
     D:1: 614 daAuts
     D:3: 200 daAuts
